 Dungeon Crawl Stone Soup version 0.28.0-1-gb440e238dd (webtiles) character file.

Game seed: 197402487660697986

31311 issech the Basher (level 13, -13/117 HPs)
             Began as a Troll Monk on Feb 27, 2022.
             Was a High Priest of Hepliaklqana.
             Hit by a large rock thrown by a cyclops (34 damage)
             ... on level 2 of the Orcish Mines on Feb 28, 2022.
             The game lasted 01:22:43 (13685 turns).

issech the Basher (Troll Monk)                     Turns: 13685, Time: 01:22:44

Health: -13/117    AC: 14    Str: 22    XL:     13   Next: 25%
Magic:  12/12      EV: 10    Int:  6    God:    Hepliaklqana [*****.]
Gold:   1170       SH: 17    Dex: 25    Spells: 12/12 levels left

rFire   + + .      SeeInvis .   s - +2 flail (vorpal)
rCold   . . .      Faith    .   w - +0 tower shield
rNeg    . . .      Spirit   .   S - +0 fire dragon scales
rPois   .          Reflect  .   o - +2 hat "Unwec" {Dex+3}
rElec   .          Harm     .   (no cloak)
rCorr   .          Rampage  .   (gloves unavailable)
Will    .....                   (boots unavailable)
Stlth   ++........              Z - amulet "Ivuesh" {Regen+ Dex+6}
HPRegen 1.89/turn               f - +4 ring of slaying
MPRegen 0.13/turn               j - ring of protection from cold

@: studying Fighting
A: reduced essence, large, unfitting armour, claws 3, regeneration 1, shaggy fur
1, tough skin 1
a: Renounce Religion, Recall Ancestor, Ancestor Identity, Transference, Idealise


You were on level 2 of the Orcish Mines.
You worshipped Hepliaklqana.
Hepliaklqana was extremely pleased with you.
You visited 3 branches of the dungeon, and saw 16 of its levels.
You also visited: Ossuary.

You collected 1228 gold pieces.
You spent 58 gold pieces at shops.

Inventory:

Hand Weapons
 s - a +2 vorpal flail (weapon)
 v - a +2 flail of holy wrath
 C - a +2 hunting sling of freezing
 J - a +4 club
 R - a +6 war axe
 T - a +2 antimagic halberd
 U - a +1 vorpal giant club
 V - a +0 mace of protection
Missiles
 b - 5 curare-tipped darts
 d - 324 stones
 e - 19 poisoned darts
 k - 335 arrows
 m - 2 throwing nets
 y - 89 sling bullets
 A - 62 bolts
 B - 5 datura-tipped darts
 H - 5 large rocks (quivered)
 Y - 2 boomerangs of dispersal
Armour
 g - a +2 robe of willpower
 o - the +2 hat "Unwec" (worn) {Dex+3}
   (You found it on level 9 of the Dungeon)

   Dex:       It affects your dexterity (+3).
 t - +1 acid dragon scales
 w - a +0 tower shield (worn)
 K - the +2 robe of the Jabberwock {Dex+7}
   (You found it on level 5 of the Dungeon)

   Dex:       It affects your dexterity (+7).
 S - +0 fire dragon scales (worn)
Jewellery
 f - a +4 ring of slaying (left claw)
 j - a ring of protection from cold (right claw)
 n - a ring of see invisible
 q - a +6 ring of dexterity
 u - a +6 ring of dexterity
 x - a ring of protection from fire
 D - a ring of willpower
 F - a ring of resist corrosion
 L - a +4 ring of slaying
 Z - the amulet "Ivuesh" (around neck) {Regen+ Dex+6}
   (You found it on level 8 of the Dungeon)

   [amulet of regeneration]

   Dex:       It affects your dexterity (+6).
   Regen:     It increases your rate of health regeneration.
Wands
 a - a wand of charming (8)
 I - a wand of flame (27)
 X - a wand of paralysis (8)
Scrolls
 p - 3 scrolls of fear
 r - a scroll of holy word
 G - 12 scrolls of teleportation
 M - a scroll of enchant weapon
 N - 3 scrolls of magic mapping
 O - a scroll of blinking
Potions
 h - 5 potions of curing
 i - a potion of invisibility
 l - 2 potions of might
 z - 5 potions of heal wounds
 E - a potion of haste
 Q - 2 potions of flight
Miscellaneous
 c - a phantom mirror
 P - a condenser vane
 W - a piece from Xom's chessboard (15/15)


   Skills:
 + Level 9.3 Fighting
 + Level 12.9 Maces & Flails
 + Level 1.1 Throwing
 + Level 6.4 Armour
 + Level 7.6 Dodging
 + Level 4.8 Stealth
 + Level 6.1 Shields


You had 12 spell levels left.
You didn't know any spells.
Your spell library contained the following spells:

 Spells                   Type           Power      Damage    Failure   Level
 Animate Skeleton         Necr           0%         N/A       100%        1
 Magic Dart               Conj           0%         1d3       100%        1
 Pain                     Necr           0%         1d4       100%        1
 Blink                    Tloc           0%         N/A       100%        2
 Call Imp                 Summ           0%         N/A       100%        2
 Sublimation of Blood     Necr           0%         N/A       100%        2
 Conjure Flame            Conj/Fire      0%         6-21      100%        3
 Ignite Poison            Fire/Tmut/Pois 0%         N/A       100%        3
 Inner Flame              Hex/Fire       0%         N/A       100%        3
 Mephitic Cloud           Conj/Pois/Air  0%         N/A       100%        3
 Ozocubu's Armour         Ice            0%         N/A       100%        3
 Vampiric Draining        Necr           0%         2d6       100%        3
 Cause Fear               Hex            0%         N/A       100%        4
 Petrify                  Tmut/Erth      0%         N/A       100%        4
 Sticky Flame             Conj/Fire      0%         2d3       100%        4
 Freezing Cloud           Conj/Ice/Air   0%         6-21      100%        5
 Irradiate                Conj/Tmut      0%         3d14      100%        5
 Manifold Assault         Tloc           0%         N/A       100%        5
 Metabolic Englaciation   Hex/Ice        0%         N/A       100%        5
 Simulacrum               Ice/Necr       0%         N/A       100%        6
 Storm Form               Tmut/Air       0%         N/A       100%        7
 Discord                  Hex            0%         N/A       100%        8
 Polar Vortex             Ice            0%         N/A       100%        9


Dungeon Overview and Level Annotations

Branches:
Dungeon (13/15)            Temple (1/1) D:7            Lair (0/6) D:8
    Orc (2/2) D:9         Ossuary (visited)
    Elf: Orc:2       Vaults: D:13-14

Altars:
Ashenzari
Cheibriados
Dithmenos
Elyvilon
Fedhas
Gozag
Hepliaklqana
Kikubaaqudgha
Makhleb
Nemelex Xobeh
Okawaru
Qazlal
Ru
Sif Muna
Trog
Uskayaw
Vehumet
Wu Jian
Xom
Yredelemnul
Zin
The Shining One

Shops:
D:9 [   Orc:2 [


Innate Abilities, Weirdness & Mutations

Your life essence is reduced to manifest your ancestor. (-10% HP)
You are too large for most types of armour.
You have claws for hands.
Your natural rate of healing is unusually fast.
You are covered in fur. (AC +1)
You have tough skin. (AC +1)


Message History

The puff of frost hits the ogre!
The orc hits you with a +0 dagger.
You catch the helpless ogre completely off-guard!
You thump the ogre!
You kill the ogre!
Ilshubani hits the orc with a +0 quarterstaff!!
The orc dies!
The two-headed ogre hits you with a +0 giant club!
* * * LOW HITPOINT WARNING * * *
You block the two-headed ogre's attack.
You hit the two-headed ogre.
The two-headed ogre is moderately wounded.
The two-headed ogre hits you with a +0 giant club!
* * * LOW HITPOINT WARNING * * *
You block the two-headed ogre's attack.
Ilshubani hits the two-headed ogre with a +0 quarterstaff!!
The two-headed ogre barely misses Ilshubani.
The two-headed ogre hits Ilshubani with a +0 giant club!!
Things that are here:
a +0 giant club; an ogre corpse Ilshubani hits the two-headed ogre with a +0 quarterstaff!!
The two-headed ogre dies!
There is a stone staircase leading down, spattered with blood here.
Things that are here:
a +0 giant club; an ogre corpse
Things that are here:
a +0 giant club; a +0 giant club; a two-headed ogre corpse
There is a stone staircase leading down, spattered with blood here.
Things that are here:
a +0 giant club; an ogre corpse You climb downwards.
The ogre shouts!
The troll shouts!
The orc shouts!
You hear a shout!
You hear two shouts!
You hear a shout!
The orc wizard casts a spell.
The orc wizard flickers and vanishes!
Deactivating autopickup; reactivate with Ctrl-A.
You block the troll's attack. The troll claws you.
* * * LOW HITPOINT WARNING * * *
The troll barely misses you.
The cyclops throws a large rock.
The large rock hits you!!
You die...

#..........#....#
................#
#..............##
................#
......o.........#
...............#
..O..C.R.$..#
.......@T..#
....O...T..#
............#
..T........##
..O.{.......#
............#
∩.O.#.......#
o............


You could see the friendly Ilshubani the battlemage, a two-headed ogre, an ogre
mage, a cyclops, 3 trolls, an orc warrior, 2 ogres and an orc.

Vanquished Creatures
  Snorg (D:13)
  3 centaur warriors
  A catoblepas (D:13)
  3 two-headed ogres
  Sonja (D:10)
  A skeletal warrior (D:10)
  A deep elf zephyrmancer (D:9)
  A deep elf pyromancer (D:9)
  2 ugly things
  A cyclops (D:10)
  2 komodo dragons (D:8)
  An unseen horror (D:10)
  An efreet (D:10)
  A tengu conjurer (D:10)
  3 trolls
  A hornet (D:10)
  Grinder (D:3)
  Prince Ribbit (D:5)
  4 slime creatures (D:12)
  A meliai zombie (D:10)
  A centaur simulacrum (D:10)
  Sigmund (D:2)
  2 wraiths
  22 yaks
  3 vampire mosquitoes (D:10)
  2 water moccasins
  3 acid dragons
  6 orc warriors
  A swamp drake (D:9)
  5 ogres
  A necrophage (D:4)
  5 centaurs
  3 gnoll sergeants
  A wyvern zombie (D:8)
  6 wights
  2 howler monkeys
  2 centaur zombies
  2 crimson imps
  A hound (D:4)
  An iron imp (D:9)
  2 jellies (D:6)
  A gnoll shaman (D:6)
  7 orc priests
  4 iguanas
  Jessica (D:3)
  Natasha (thrice) (D:2)
  7 orc wizards
  3 mummies
  A hound skeleton (D:4)
  2 howler monkey zombies (D:10)
  6 adders
  16 gnolls
  A shadow imp (D:9)
  2 white imps
  5 dart slugs
  28 orcs
  8 endoplasms
  2 giant cockroaches
  A gnoll zombie (Ossuary)
  6 goblins
  9 hobgoblins
  10 jackals
  3 quokkas
  7 ball pythons
  11 bats
  5 frilled lizards
  2 gnoll skeletons (Ossuary)
  2 goblin skeletons (Ossuary)
  5 goblin zombies (Ossuary)
  4 hobgoblin skeletons (Ossuary)
  A hobgoblin zombie (Ossuary)
  8 kobolds
  3 kobold skeletons (Ossuary)
  2 kobold zombies (Ossuary)
  5 orc skeletons (Ossuary)
  5 orc zombies (Ossuary)
  6 rats
  2 rat skeletons (Ossuary)
  4 rat zombies (Ossuary)
301 creatures vanquished.

Vanquished Creatures (collateral kills)
  A fire dragon (D:10)
  A hydra (D:13)
  A great orb of eyes (D:10)
  5 two-headed ogres
  A deep elf pyromancer (D:10)
  2 manticores (D:10)
  A gargoyle (D:12)
  A slime creature (D:12)
  A meliai zombie (D:10)
  A wraith (D:12)
  A centaur simulacrum (D:11)
  A shadow (D:10)
  A basilisk (D:11)
  Eustachio (D:6)
  A vampire mosquito (D:10)
  10 yaks
  Menkaure (Ossuary)
  A water moccasin (D:6)
  3 orc warriors
  A sky beast (D:6)
  A necrophage (D:6)
  3 ogres (Orc:1)
  2 centaurs
  A phantom (D:4)
  A kobold brigand (D:10)
  A gnoll sergeant (D:6)
  2 wights
  2 killer bees (D:10)
  A howler monkey (D:4)
  3 centaur zombies
  An orc priest (Orc:1)
  A centaur skeleton (D:6)
  A hound (D:6)
  4 iguanas
  4 orc wizards
  Ijyb (D:5)
  A mummy (Ossuary)
  A hound skeleton (D:4)
  3 adders
  5 gnolls
  An ufetubus (D:6)
  8 orcs
  An endoplasm (D:4)
  A giant cockroach (D:4)
  A gnoll zombie (Ossuary)
  2 gnoll skeletons (Ossuary)
  3 goblin skeletons (Ossuary)
  3 goblin zombies (Ossuary)
  A hobgoblin skeleton (Ossuary)
  2 kobolds (D:4)
  A kobold zombie (Ossuary)
  An orc skeleton (Ossuary)
  An orc zombie (Ossuary)
  A rat zombie (Ossuary)
102 creatures vanquished.

Vanquished Creatures (others)
  10 battlemagi
  An orc (D:9)
  3 fungi (D:3)
  11 plants
25 creatures vanquished.

Grand Total: 428 creatures vanquished

Notes
Turn   | Place    | Note
-------+----------+-------------------------------------------
     0 | D:1      | issech the Troll Monk began the quest for the Orb.
     0 | D:1      | Reached XP level 1. HP: 22/22 MP: 0/0
   126 | D:1      | Reached XP level 2. HP: 24/29 MP: 1/1
   346 | D:1      | Reached skill level 3 in Maces & Flails
   531 | D:1      | Reached XP level 3. HP: 36/36 MP: 2/2
   898 | D:2      | Noticed Natasha
   916 | D:2      | Killed Natasha
   917 | D:2      | Reached XP level 4. HP: 30/44 MP: 3/3
  1133 | D:2      | Noticed Natasha
  1143 | D:2      | Killed Natasha
  1189 | D:2      | Noticed Natasha
  1202 | D:2      | Killed Natasha
  1397 | D:2      | Noticed Sigmund
  1533 | D:2      | Killed Sigmund
  1534 | D:2      | Reached skill level 4 in Maces & Flails
  1534 | D:2      | Reached XP level 5. HP: 45/53 MP: 4/4
  1534 | D:2      | Reached XP level 6. HP: 52/61 MP: 5/5
  1993 | D:3      | Found a faded altar of an unknown god.
  2167 | D:3      | Noticed Grinder
  2181 | D:3      | Killed Grinder
  2182 | D:3      | Reached skill level 5 in Maces & Flails
  2182 | D:3      | Reached XP level 7. HP: 39/67 MP: 6/6
  2198 | D:3      | Noticed Jessica
  2213 | D:3      | Killed Jessica
  2876 | D:4      | Found a blossoming altar of Fedhas.
  2876 | D:4      | Found a hazy altar of Hepliaklqana.
  2877 | D:4      | Found an opulent altar of Gozag.
  2895 | D:4      | Became a worshipper of Hepliaklqana the Forgotten
  2895 | D:4      | Reached * piety under Hepliaklqana
  2895 | D:4      | Reached ** piety under Hepliaklqana
  2896 | D:4      | Remembered your ancestor Ilshubani as a battlemage
  3314 | D:4      | Found a snail-covered altar of Cheibriados.
  3483 | D:4      | Reached skill level 6 in Maces & Flails
  4011 | D:5      | Entered Level 5 of the Dungeon
  4161 | D:5      | Reached XP level 8. HP: 70/70 MP: 7/7
  4402 | D:5      | Noticed Prince Ribbit
  4403 | D:5      | Reached *** piety under Hepliaklqana
  4416 | D:5      | Killed Prince Ribbit
  4417 | D:5      | Reached skill level 7 in Maces & Flails
  4438 | D:5      | Noticed Ijyb
  4441 | D:5      | Identified the +2 robe of the Jabberwock {Dex+7}
  4444 | D:5      | Killed Ijyb
  4767 | D:6      | Found a sand-covered staircase.
  4779 | Ossuary  | Entered an ossuary
  5032 | Ossuary  | Noticed Menkaure
  5039 | Ossuary  | Killed Menkaure
  5244 | D:6      | Noticed Eustachio
  5252 | D:6      | Killed Eustachio
  5273 | D:6      | Found a burning altar of Makhleb.
  5273 | D:6      | Found a shimmering altar of Xom.
  5323 | D:6      | Found an ornate altar of the Wu Jian Council.
  5338 | D:6      | Reached skill level 8 in Maces & Flails
  5338 | D:6      | Reached XP level 9. HP: 56/76 MP: 8/8
  5469 | D:6      | Reached skill level 5 in Dodging
  6066 | D:6      | Reached skill level 5 in Fighting
  6091 | D:6      | Reached skill level 9 in Maces & Flails
  6365 | D:7      | Reached **** piety under Hepliaklqana
  6399 | D:7      | Found a sparkling altar of Nemelex Xobeh.
  6518 | D:7      | Found a staircase to the Ecumenical Temple.
  6530 | Temple   | Entered the Ecumenical Temple
  7098 | D:8      | Identified the amulet "Ivuesh" {Regen+ Dex+6}
  7169 | D:8      | Noticed a komodo dragon
  7176 | D:8      | Reached XP level 10. HP: 86/86 MP: 9/9
  7662 | D:8      | Found a staircase to the Lair.
  7681 | D:8      | Reached skill level 10 in Maces & Flails
  8128 | D:9      | Found Jaotoemu's Armour Boutique.
  8134 | D:9      | Found a staircase to the Orcish Mines.
  8187 | D:9      | Reached skill level 1 in Armour
  8208 | D:9      | Bought a +0 tower shield for 58 gold pieces
  8510 | D:9      | Noticed a deep elf zephyrmancer
  8514 | D:9      | Killed a deep elf zephyrmancer
  8523 | D:9      | Noticed a deep elf pyromancer
  8527 | D:9      | Killed a deep elf pyromancer
  8529 | D:9      | Identified the +2 hat "Unwec" {Dex+3}
  8742 | D:10     | Entered Level 10 of the Dungeon
  8793 | D:10     | You fall into a shaft and drop 2 floors!
  8793 | D:12     | Noticed a two-headed ogre
  8802 | D:12     | Reached skill level 11 in Maces & Flails
  8802 | D:12     | Reached XP level 11. HP: 58/96 MP: 8/10
  8814 | D:12     | HP: 4/96 [slime creature (12)]
  8840 | D:12     | Killed a two-headed ogre
  9176 | D:12     | HP: 2/96 [enormous slime creature (39)]
  9216 | D:12     | Reached skill level 1 in Shields
  9399 | D:10     | Noticed a red ugly thing
  9405 | D:10     | Noticed a centaur warrior
  9437 | D:9      | Killed a red ugly thing
  9470 | D:10     | Killed a centaur warrior
  9541 | D:10     | Found a stormy altar of Qazlal.
  9541 | D:10     | Found a sacrificial altar of Ru.
  9587 | D:10     | Noticed a fire dragon
 10036 | D:10     | Killed a fire dragon
 10080 | D:10     | Noticed a two-headed ogre
 10090 | D:10     | Killed a two-headed ogre
 10374 | D:10     | Noticed a two-headed ogre
 10385 | D:10     | Killed a two-headed ogre
 10386 | D:10     | Reached XP level 12. HP: 72/106 MP: 11/11
 10522 | D:10     | Reached skill level 12 in Maces & Flails
 10726 | D:10     | Noticed Sonja
 10745 | D:10     | Killed Sonja
 10865 | D:10     | Reached skill level 5 in Armour
 10867 | D:10     | Identified a scroll of acquirement
 10867 | D:10     | Acquired a manual of Fighting
 10994 | D:10     | Noticed a great orb of eyes
 11007 | D:10     | Killed a great orb of eyes
 11398 | D:11     | Noticed a two-headed ogre
 11400 | D:11     | Reached ***** piety under Hepliaklqana
 11408 | D:11     | Killed a two-headed ogre
 12180 | D:12     | Reached skill level 5 in Shields
 12610 | D:12     | Found a white marble altar of Elyvilon.
 12770 | D:12     | Noticed a two-headed ogre
 12772 | D:12     | Killed a two-headed ogre
 12926 | D:13     | Noticed a centaur warrior
 12933 | D:13     | Killed a centaur warrior
 12960 | D:13     | Noticed a centaur warrior
 12966 | D:13     | Killed a centaur warrior
 13072 | D:13     | Noticed a six-headed hydra
 13075 | D:13     | Killed a six-headed hydra
 13076 | D:13     | Reached XP level 13. HP: 105/117 MP: 12/12
 13151 | D:13     | Noticed Snorg
 13161 | D:13     | Killed Snorg
 13225 | D:13     | Reached skill level 1 in Throwing
 13469 | Orc:1    | Entered Level 1 of the Orcish Mines
 13616 | Orc:2    | Entered Level 2 of the Orcish Mines
 13616 | Orc:2    | Found Riwkeggu's Armour Shop.
 13685 | Orc:2    | Hit by a large rock thrown by a cyclops

Illustrated notes

Levels and vault maps discovered:
D:1:      elethiomel_arrival_shortcut, layout_basic
D:2:      layout_rooms, fountainhead, grunt_ministairs_6, uniq_sigmund,
          uniq_natasha
D:3:      layout_basic, dreamdust_ecumenical_altar_hidden_monk_grotto,
          minmay_joined_circles, uniq_grinder, uniq_jessica
D:4:      kb_forest_paths, layout_basic,
          chequers_temple_overflow_statue_of_worship, chei_slow_surprise
D:5:      layout_loops_ring, uniq_ijyb, uniq_prince_ribbit1
D:6:      minmay_octagon_keep, layout_gridville,
          grunt_temple_overflow_champion_of_chaos,
          mainiacjoe_overflow_tiny_flanked, chequers_ossuary_entry_cave,
          minmay_diced_spiral, uniq_eustachio
D:7:      layout_loops_ring, old_standard_altar, temple_green,
          corexii_hall_statues_i
D:8:      layout_loops_ring, david_lair_shrubbed, minmay_microvault
D:9:      layout_roguey, orc_david_3, hangedman_minor_magic
D:10:     minmay_the_grid_square_5x5_4x4 [minmay_the_grid_square_5x5_six,
          minmay_the_grid_square_5x5_longway, minmay_the_grid_square_5x5_tie,
          minmay_the_grid_square_5x5_hollow_slash, minmay_the_grid_square_5x5_v,
          minmay_the_grid_square_5x5_prize_monsterx,
          minmay_the_grid_square_5x5_prize_itemx,
          minmay_the_grid_square_5x5_minibox,
          minmay_the_grid_square_5x5_hourglass,
          minmay_the_grid_square_5x5_prize_pseudospiral,
          minmay_the_grid_square_5x5_prize_waves,
          minmay_the_grid_square_5x5_intrusive_squares,
          minmay_the_grid_square_5x5_three_walls,
          minmay_the_grid_square_5x5_eight_small,
          minmay_the_grid_square_5x5_checkered,
          minmay_the_grid_square_5x5_bite], layout_basic,
          gammafunk_temple_overflow_pools, minmay_misc_feat_cross, minmay_puff,
          uniq_sonja
D:11:     layout_irregular_city
D:12:     layout_loops_corners, nicolae_elyvilon_temple_path
D:13:     layout_loops_ring, minmay_misc_feat_plants, uniq_snorg
Temple:   nicolae_temple_x_marks_the_god
Orc:1:    layout_caves, enter_volcano_4, okawaru_metal_pillars_1_2,
          uniq_josephine
Orc:2:    st_orc_open, layout_caves, uniq_rupert, uniq_urug

Skill      XL: |  1  2  3  4  5  6  7  8  9 10 11 12 13 |
---------------+----------------------------------------+-----
Maces & Flails | 3 4 5 6 8 9 11 12 | 12.9
Dodging        | 3 4 5 6 7 |  7.6
Fighting       | 3 4 5 6 7 8 9 |  9.3
Stealth        | 2 3 4 |  4.8
Armour         | 2 4 5 6 |  6.4
Shields        | 3 5 6 |  6.1
Throwing       | 1 |  1.1

Action                   |  1- 3 |  4- 6 |  7- 9 | 10-12 | 13-15 || total
-------------------------+-------+-------+-------+-------+-------++-------
Melee: Mace              |    96 |    94 |    44 |       |       ||   234
       Punch             |     1 |     1 |     5 |       |       ||     7
       Flail             |       |       |   250 |   375 |    66 ||   691
       Giant club        |       |       |       |    47 |       ||    47
Throw: Stone             |       |       |     3 |     2 |       ||     5
       Large rock        |       |       |       |     2 |     3 ||     5
Invok: Ancestor Life: Ba |       |       |     1 |       |       ||     1
       Recall Ancestor   |       |       |       |     1 |       ||     1
  Use: Scroll            |       |       |    10 |     8 |       ||    18
       Potion            |       |       |       |    11 |       ||    11
 Stab: Sleeping          |     2 |     4 |     8 |     7 |       ||    21
       Distracted        |       |       |     6 |     8 |     1 ||    15
Armor: Robe              |    49 |    38 |    85 |     1 |       ||   173
       Acid dragon scale |       |       |       |    67 |       ||    67
       Skin              |       |       |       |     1 |       ||     1
       Fire dragon scale |       |       |       |    92 |    33 ||   125
Dodge: Dodged            |    82 |    80 |   176 |   156 |    25 ||   519
Block: Tower shield      |       |       |       |   299 |    65 ||   364
